 Seeded DCSS version 0.30-a0-860-g512cf1e979 (webtiles) character file.

Game seed: 8796237800415217726 (custom seed)

331410 BigDaddyOpFi the Messiah (level 21, 0/221 HPs)
             Began as a Hill Orc Monk on Mar 6, 2023.
             Was the Champion of Beogh.
             Slain by a titan (31 damage)
             ... on level 5 of the Vaults on Mar 7, 2023.
             The game lasted 01:40:33 (67948 turns).

BigDaddyOpFi the Messiah (Hill Orc Monk)           Turns: 67948, Time: 01:40:33

Health: 0/221      AC: 31    Str: 31    XL:     21   Next: 35%
Magic:  0/36       EV:  6    Int: 12    God:    Beogh [******]
Gold:   5781       SH: 27    Dex:  8    Spells: 20/20 levels left

rFire   + + +      SeeInvis +    I - +6 morningstar of the Land of Plenty {heavy, rPois rF+++ Will+ Dex-5}
rCold   + . .      Faith    .    H - +10 tower shield of Ignorance {rN+ Int-4}
rNeg    + + .      Spirit   +    f - +10 plate armour {rN+}
rPois   +          Reflect  .    X - +0 helmet of Zamoajin {Will+ rCorr SInv Stlth+}
rElec   .          Rampage  ∞    c - +2 cloak of the Thief {*Fog Slay-2 SInv Stlth+}
rCorr   +                        Q - +2 pair of gloves
Will    +++++                    d - +3 pair of seven-league boots {Rampage+∞}
Stlth   +++                      p - brooch of Shielding {Spirit SH+8}
HPRegen 0.56/turn                Z - ring "Ruru Guappy" {rC+ Will++ Int+6}
MPRegen 0.25/turn                P - +6 ring of strength

@: no status effects
A: walk on water, robust 1
}: 3/15 runes: decaying, silver, gossamer
a: Renounce Religion, Smiting, Recall Orcish Followers, Give Item to Named
Follower, Resurrection


You were on level 5 of the Vaults.
You worshipped Beogh.
Beogh was exalted by your worship.
You visited 8 branches of the dungeon, and saw 39 of its levels.
You also visited: Bailey and Gauntlet.

You collected 8093 gold pieces.
You spent 2312 gold pieces at shops.

Inventory:

Hand Weapons
 I - the +6 morningstar of the Land of Plenty (weapon) {heavy, rPois rF+++ Will+ Dex-5}
   (You found it on level 2 of the Spider Nest)

   Dex:       It affects your dexterity (-5).
   rF:        It renders you almost immune to fire.
   rPois:     It protects you from poison.
   Will:      It increases your willpower.
 M - the +0 halberd of the Beginning {drain, rElec rF- rC++}
   (You bought it in a shop on level 9 of the Dungeon)

   rF:        It makes you vulnerable to fire.
   rC:        It greatly protects you from cold.
   rElec:     It insulates you from electricity.
 O - the +11 war axe of Change {holy, rN+}
   (You bought it in a shop on level 9 of the Dungeon)

   rN:        It protects you from negative energy.
Armour
 c - the +2 cloak of the Thief (worn) {*Fog Slay-2 SInv Stlth+}
   (You bought it in a shop on level 2 of the Dungeon)

   *Fog:      It may release a thick cloud of smoke when the wearer is hurt.
   Slay:      It affects your accuracy & damage with ranged weapons and melee
   (-2).
   SInv:      It lets you see invisible.
   Stlth:     It makes you more stealthy.
 d - the +3 pair of seven-league boots (worn) {Rampage+∞}
   (You acquired it on level 1 of the Dungeon)

   Rampage+∞: When moving toward enemies, its wearer moves as far as possible.
 f - a +10 plate armour of positive energy (worn)
 H - the +10 tower shield of Ignorance (worn) {rN+ Int-4}
   (You found it in a bailey)

   Int:       It affects your intelligence (-4).
   rN:        It protects you from negative energy.
 Q - a +2 pair of gloves (worn)
 X - the +0 helmet of Zamoajin (worn) {Will+ rCorr SInv Stlth+}
   (You found it in a Gauntlet)

   SInv:      It lets you see invisible.
   rCorr:     It protects you from acid and corrosion.
   Will:      It increases your willpower.
   Stlth:     It makes you more stealthy.
Jewellery
 a - a +6 ring of dexterity
 n - an amulet of regeneration
 p - the brooch of Shielding (around neck) {Spirit SH+8}
   (You found it on level 3 of the Elven Halls)

   [amulet of guardian spirit]

   It causes incoming damage to be divided between your reserves of health and
   magic.
   SH:        It affects your SH (+8).
 x - a ring of poison resistance
 z - the amulet of the Peculiar Lies {Reflect Harm rF- Int+3 Dex+2 SH+5}
   (You found it on level 5 of the Vaults)

   [amulet of reflection]

   It reflects blocked missile attacks.
   Int:       It affects your intelligence (+3).
   Dex:       It affects your dexterity (+2).
   rF:        It makes you vulnerable to fire.
   SH:        It affects your SH (+5).
   Harm:      It increases damage dealt and taken.
 J - a ring of wizardry
 P - a +6 ring of strength (right hand)
 W - an amulet of reflection
 Y - an amulet of the acrobat
 Z - the ring "Ruru Guappy" (left hand) {rC+ Will++ Int+6}
   (You took it off a deep elf knight on level 3 of the Elven Halls)

   [ring of intelligence]

   Int:       It affects your intelligence (+6).
   rC:        It protects you from cold.
   Will:      It greatly increases your willpower.
Wands
 b - a wand of paralysis (26)
 e - a wand of digging (14)
 s - a wand of flame (78) (quivered)
 v - a wand of roots (30)
 B - a wand of polymorph (19)
 L - a wand of mindburst (14)
 T - a wand of light (38)
Scrolls
 g - 2 scrolls of silence
 q - 10 scrolls of teleportation
 t - 3 scrolls of enchant weapon
 u - 3 scrolls of magic mapping
 w - 3 scrolls of poison
 y - 7 scrolls of fear
 D - 24 scrolls of identify
 E - 3 scrolls of enchant armour
 G - 10 scrolls of fog
 S - 2 scrolls of summoning
Potions
 i - 9 potions of attraction
 l - 5 potions of mutation
 m - 8 potions of lignification
 o - 8 potions of invisibility
 r - 9 potions of haste
 A - 6 potions of might
 F - 7 potions of ambrosia
 N - 6 potions of cancellation
 R - 5 potions of resistance
 U - 2 potions of curing
Miscellaneous
 h - a tin of tremorstones (2/2)
 j - a phantom mirror
 k - a piece from Xom's chessboard (15/15)
 C - a lightning rod (4/4)
 V - a phantom mirror


   Skills:
 + Level 20.0 Fighting
 - Level 15.4(18.3) Axes
 + Level 13.7(15.9) Maces & Flails
 + Level 14.6 Dodging
 + Level 15.7 Stealth
 - Level 23.9 Invocations


You had 20 spell levels left.
You didn't know any spells.
Your spell library contained the following spells:

 Spells                   Type           Power      Damage    Failure   Level
 Foxfire                  Conj/Fire      0%         2x1d4     100%        1
 Kiss of Death            Conj/Necr      0%         2d5       100%        1
 Magic Dart               Conj           0%         1d3       100%        1
 Shock                    Conj/Air       0%         1d3       100%        1
 Blink                    Tloc           0%         N/A       100%        2
 Call Imp                 Summ           0%         N/A       100%        2
 Cigotuvi's Dreadful Rot  Necr/Pois/Air  0%         N/A       100%        2
 Ensorcelled Hibernation  Hex/Ice        0%         N/A       100%        2
 Lesser Beckoning         Tloc           0%         N/A       100%        2
 Momentum Strike          Conj/Tloc      0%         3d8       100%        2
 Passwall                 Tmut/Erth      0%         N/A       100%        2
 Poisonous Vapours        Pois/Air       0%         N/A       100%        2
 Scorch                   Fire           0%         2d5       100%        2
 Searing Ray              Conj           0%         2d4       100%        2
 Sublimation of Blood     Necr           0%         N/A       100%        2
 Call Canine Familiar     Summ           0%         N/A       100%        3
 Confusing Touch          Hex            0%         N/A       100%        3
 Dazzling Flash           Conj/Hex       0%         N/A       100%        3
 Gell's Gravitas          Tloc           0%         N/A       100%        3
 Ignite Poison            Fire/Tmut/Pois 0%         N/A       100%        3
 Kindle Blastsparks       Fire/Tloc/Air  0%         2d10      100%        3
 Mephitic Cloud           Conj/Pois/Air  0%         N/A       100%        3
 Ozocubu's Armour         Ice            0%         N/A       100%        3
 Portal Projectile        Hex/Tloc       0%         N/A       100%        3
 Swiftness                Air            0%         N/A       100%        3
 Teleport Other           Tloc           0%         N/A       100%        3
 Vhi's Electric Charge    Tloc/Air       0%         N/A       100%        3
 Airstrike                Air            0%         2d(0-16)  100%        4
 Anguish                  Hex/Necr       0%         N/A       100%        4
 Animate Armour           Summ/Erth      0%         N/A       100%        4
 Dispel Undead            Necr           0%         3d6       100%        4
 Flame Wave               Conj/Fire      0%         2d4       100%        4
 Fulminant Prism          Conj/Hex       0%         3d5       100%        4
 Iskenderun's Mystic Bla  Conj/Tloc      0%         2d3       100%        4
 Leda's Liquefaction      Hex/Erth       0%         N/A       100%        4
 Petrify                  Tmut/Erth      0%         N/A       100%        4
 Sticky Flame             Conj/Fire      0%         2d3       100%        4
 Summon Lightning Spire   Summ/Air       0%         N/A       100%        4
 Agony                    Necr           0%         N/A       100%        5
 Alistair's Intoxication  Tmut/Pois      0%         N/A       100%        5
 Arcjolt                  Conj/Air       0%         1d10      100%        5
 Blade Hands              Tmut           0%         N/A       100%        5
 Borgnjor's Vile Clutch   Necr/Erth      0%         N/A       100%        5
 Fireball                 Conj/Fire      0%         3d3       100%        5
 Freezing Cloud           Conj/Ice/Air   0%         6-21      100%        5
 Irradiate                Conj/Tmut      0%         3d11      100%        5
 Lee's Rapid Deconstruct  Erth           0%         3d4*      100%        5
 Metabolic Englaciation   Hex/Ice        0%         N/A       100%        5
 Silence                  Hex/Air        0%         N/A       100%        5
 Summon Forest            Summ/Tloc      0%         N/A       100%        5
 Yara's Violent Unravell  Hex/Tmut       0%         3d3       100%        5
 Eringya's Noxious Bog    Tmut/Pois      0%         N/A       100%        6
 Iron Shot                Conj/Erth      0%         9d1       100%        6
 Simulacrum               Ice/Necr       0%         N/A       100%        6
 Starburst                Conj/Fire      0%         6d3       100%        6
 Statue Form              Tmut/Erth      0%         N/A       100%        6
 Summon Cactus Giant      Summ           0%         N/A       100%        6
 Dragon Form              Tmut           0%         N/A       100%        7
 Enfeeble                 Hex            0%         N/A       100%        7
 Malign Gateway           Summ/Tloc      0%         N/A       100%        7
 Spellforged Servitor     Conj/Summ      0%         N/A       100%        7
 Storm Form               Tmut/Air       0%         N/A       100%        7
 Ignition                 Fire           0%         3d3       100%        8
 Maxwell's Capacitive Co  Air            0%         ∞         100%        8
 Chain Lightning          Conj/Air       0%         N/A       100%        9
 Dragon's Call            Summ           0%         N/A       100%        9


Dungeon Overview and Level Annotations

Branches:
Dungeon (15/15)            Temple (1/1) D:6            Lair (5/5) D:8
  Swamp (4/4) Lair:2       Spider (4/4) Lair:3        Slime (0/5) Lair:5
    Orc (2/2) D:11            Elf (3/3) Orc:2        Vaults (5/5) D:14
  Crypt (0/3) Vaults:2     Depths (0/4) D:15         Bailey (visited)
Gauntlet (visited)

Altars:
Cheibriados
Elyvilon
Gozag
Ru
Vehumet
Wu Jian
Xom
The Shining One
Jiyva

Shops:
D:1 :   D:2 *   D:5 (   D:9 ((*:==   Orc:2 (((!!   Elf:2 (   Vaults:3 ?

Portals:
Trove: D:11 (show slimy rune of Zot)

Annotations:
Elf:1 3 runed translucent doors


Innate Abilities, Weirdness & Mutations

You can walk on water.
You are robust. (+10% HP)


Message History

The ironbound preserver is severely wounded.
The golden dragon bites you.
The golden dragon claws you but does no damage.
The golden dragon tramples you but does no damage.
You block the vault warden's attack. You block the titan's attack.
Your orc sorcerer hits the golden dragon but does no damage.
You block the deep troll earth mage's attack.
The deep troll earth mage claws you but does no damage. x2
The ironbound preserver casts a spell.
The ironbound preserver is healed somewhat.
Agrik hits the golden dragon but does no damage.
You puncture the ironbound preserver!
The ironbound preserver is severely wounded.
You block the deep troll earth mage's attack. x2
The deep troll earth mage claws you but does no damage.
You block the golden dragon's attack.
The golden dragon claws you but does no damage.
You block the golden dragon's attack.
The vault warden hits you with a +0 broad axe.
The titan gestures at you while chanting.
The bolt of lightning hits you!!
* * * LOW HITPOINT WARNING * * *
With a swish of your cloak, you release a cloud of fog.
Your orc sorcerer barely misses the golden dragon.
Agrik hits the golden dragon with a +3 broad axe!!
The ironbound preserver casts a spell.
The ironbound preserver is healed somewhat.
The deep troll earth mage barely misses you.
You block the deep troll earth mage's attack.
The deep troll earth mage closely misses you.
The ironbound preserver hits you with a +0 morningstar!
* * * LOW HITPOINT WARNING * * *
The vault warden hits you but does no damage.
You block the golden dragon's attack. The golden dragon barely misses you.
The golden dragon tramples you.
* * * LOW HITPOINT WARNING * * *
You hold your ground!
Agrik hits the golden dragon with a +3 broad axe!
The titan hits you!!!
You die...

#....###.....###....#
##...# ###.###
#...##..#
.##..##..###
#..##...# ..#..#..#
#..#....# .....#.#
#.......# .......#
....... .....#.#
#coo....# ..#†.#..#
#TD#..D.# .##..##..#
#@p##...# ##[..# ###
#pC§##..# #....###..
#p...# #.)........
.....# #......##..
.....# .#######
######. ## ##


You could see an ironbound preserver, a titan, a golden dragon (ally target), a
vault warden (ally target), a yaktaur captain (sheltered), a vault guard, a deep
troll earth mage, the friendly Agrik the orc knight and a friendly orc sorcerer
(strong).

Vanquished Creatures
  A dread lich (Vaults:5)
  A juggernaut (shapeshifter) (Vaults:5)
  Margery (Vaults:2)
  3 tentacled monstrosities (Vaults:5)
  2 liches
  A deep elf master archer (Elf:3)
  A quicksilver dragon (Vaults:5)
  3 titans (Vaults:5)
  2 sphinxes
  4 shadow dragons
  A storm dragon (Vaults:4)
  A fire giant (Vaults:4)
  A tengu reaver (Vaults:5)
  2 deep elf sorcerers
  An iron dragon (Vaults:4)
  An emperor scorpion (Spider:4)
  3 vault wardens
  2 orc warlords
  2 deep elf elementalists (Elf:3)
  6 ironbound preservers
  4 war gargoyles
  3 ironbound thunderhulks
  4 ghost moths
  A broodmother (Spider:3)
  3 stone giants
  The ghost of Jeuts the Severer, a journeyman MiFi of Okawaru (Lair:3)
  2 eleionomae
  3 deep elf demonologists
  The ghost of Valamore the Marksnaga, a journeyman NaHu of Okawaru (Lair:3)
  A deep elf annihilator (Elf:3)
  A minotaur (Gauntlet)
  A dire elephant (Lair:5)
  2 deep elf death magi
  Josephine (D:15)
  An ettin (Vaults:5)
  2 entropy weavers
  7 yaktaur captains
  A deep elf high priest (Elf:3)
  3 great orbs of eyes
  A quicksilver dragon skeleton (Vaults:2)
  2 ironbound frosthearts
  5 vault guards
  An ogre mage (D:14)
  5 centaur warriors
  A radroach (Spider:3)
  11 hydras
  3 boulder beetles
  3 two-headed ogres
  12 dancing weapons
  An orc high priest (Elf:1)
  A death yak (Lair:4)
  Sonja (D:11)
  A hell knight (Vaults:5)
  9 deep elf knights
  Nergalle (Orc:1)
  3 skeletal warriors (Vaults:2)
  A spectral death yak (Lair:5)
  A shadow wraith (Vaults:5)
  A spriggan druid (Swamp:4)
  An orb spider (Spider:2)
  3 goliath frogs
  10 deep trolls
  4 swamp dragons
  A glowing orange brain (Vaults:2)
  4 wizards
  2 deep elf archers (Elf:1)
  5 orc knights
  A bog body (Swamp:2)
  A phantasmal warrior (Vaults:5)
  7 ironbound convokers
  3 deep elf pyromancers
  A necromancer (Lair:5)
  11 ugly things
  5 deep elf zephyrmancers
  A lindwurm (Vaults:2)
  A sphinx skeleton (Vaults:2)
  2 will-o-the-wisps
  6 wolf spiders
  An orc sorcerer (D:14)
  7 cyclopes
  2 manticores (D:14)
  5 elephants
  A worldbinder (Gauntlet)
  A tengu skeleton (Vaults:2)
  3 vault sentinels
  A black mamba (Lair:5)
  2 naga magi (D:15)
  4 gargoyles
  2 demonic crawlers
  A torpor snail (Spider:2)
  3 cane toads
  2 unseen horrors
  A rime drake (D:8)
  10 yaktaurs
  An efreet (D:13)
  A yaktaur (shapeshifter) (D:13)
  2 komodo dragons
  A freezing wraith (D:14)
  A bloated husk (Swamp:1)
  3 meliai (D:13)
  2 tyrant leeches
  A polar bear (D:8)
  4 trolls
  A hornet (Swamp:4)
  A blink frog (shapeshifter) (Vaults:5)
  7 tarantellas
  7 blink frogs
  5 shadows
  7 jumping spiders
  5 culicivoras
  3 spriggans
  4 wraiths
  A water elemental (Elf:2)
  A wyvern (D:9)
  2 vampires
  12 slime creatures
  9 yaks
  A basilisk (Lair:5)
  A hog (D:15)
  15 redbacks
  2 steam dragons
  A death yak simulacrum (Lair:5)
  An elf skeleton (Vaults:2)
  17 vampire mosquitoes
  A warg (D:13)
  6 swamp worms
  An acid dragon (D:13)
  4 water moccasins
  A swamp drake (Swamp:4)
  A glowing shapeshifter skeleton (Vaults:2)
  4 ice beasts
  5 orc warriors
  An elephant zombie (Lair:5)
  A sky beast (D:7)
  2 black bears
  3 ogres
  3 wolves
  5 boggarts
  11 centaurs
  6 bullfrogs
  An earth elemental (Elf:1)
  A gnoll sergeant (D:8)
  2 scorpions
  8 wights
  10 killer bees
  3 elephant simulacra (Lair:5)
  3 howler monkeys
  3 vampire bats (Lair:1)
  An electric eel (D:9)
  6 jellies
  2 orc priests
  2 hounds
  2 gnoll boudas
  2 sleepcaps (D:6)
  6 orc wizards
  2 iguanas (D:6)
  A boggart simulacrum (D:14)
  12 gnolls
  7 adders
  A shadow imp (D:5)
  2 ufetubi
  A worm (D:2)
  11 orcs
  9 endoplasms
  5 giant cockroaches
  5 hobgoblins
  11 jackals
  3 quokkas
  4 ball pythons
  9 bats
  5 goblins
  9 kobolds
  5 rats
588 creatures vanquished.

Vanquished Creatures (collateral kills)
  Mara (Swamp:3)
  An orc warlord (Vaults:5)
  A golden dragon (Vaults:4)
  Jory (Vaults:3)
  A tentacled monstrosity (Vaults:4)
  A titan (Vaults:4)
  A deep elf master archer (Elf:3)
  3 deep elf blademasters
  4 sphinxes
  2 tengu reavers (Vaults:4)
  Kirke (D:15)
  A storm dragon (Vaults:5)
  Roxanne (D:15)
  2 deep elf sorcerers (Elf:3)
  4 emperor scorpions
  12 vault wardens
  4 ghost moths
  A frost giant (Vaults:4)
  22 slime creatures
  3 deep elf elementalists (Elf:3)
  A very ugly thing (Vaults:4)
  2 war gargoyles
  12 ironbound preservers
  4 stone giants
  4 broodmothers
  6 deep elf demonologists
  Nessos (D:15)
  6 eleionomae
  3 ironbound thunderhulks
  6 deep elf annihilators
  2 dire elephants
  A spark wasp (Spider:4)
  A bunyip (Swamp:1)
  5 deep elf death magi
  An ettin (shapeshifter) (Vaults:4)
  7 yaktaur captains
  2 ettins
  A fire dragon (Elf:1)
  An entropy weaver (Spider:3)
  2 shambling mangroves (Swamp:4)
  4 deep elf high priests
  6 great orbs of eyes
  Fannar (D:11)
  2 peacekeepers
  24 vault guards
  An ogre mage (Vaults:3)
  14 hydras
  A radroach (Spider:3)
  An ice dragon (Swamp:1)
  9 ironbound frosthearts
  A hell beast (Elf:3)
  2 jorogumos
  A ghost crab (Swamp:2)
  5 boulder beetles
  A catoblepas (Lair:5)
  4 centaur warriors
  24 dancing weapons
  4 death yaks
  7 two-headed ogres
  A death scarab (Spider:4)
  2 tengu warriors (D:13)
  5 alligators
  Urug (D:13)
  2 orc high priests (Elf:3)
  12 deep elf knights
  4 hell knights (Vaults:2)
  2 skysharks (Lair:3)
  A titan skeleton (Vaults:4)
  5 spriggans
  5 pharaoh ants
  A spectral death yak (Lair:5)
  A shadow wraith (Vaults:4)
  2 goliath frogs
  43 deep trolls
  3 spriggan druids
  4 skeletal warriors (Vaults:2)
  17 swamp dragons
  10 orb spiders
  4 bog bodies (Swamp:4)
  2 lindwurms (Vaults:2)
  2 phantasmal warriors (Vaults:4)
  10 deep elf archers
  An obsidian statue (Lair:5)
  A spectral anaconda (Lair:5)
  4 wizards
  3 steelbarb worms
  6 necromancers
  14 deep elf zephyrmancers
  11 ironbound convokers
  25 deep elf pyromancers
  A tengu skeleton (Vaults:2)
  3 manticores
  9 orc knights
  17 wolf spiders
  An orc sorcerer (Vaults:4)
  A shadow dragon skeleton (Vaults:2)
  An oklob plant (Orc:1)
  5 cyclopes
  2 moths of wrath
  22 ugly things
  3 will-o-the-wisps
  2 human skeletons (Vaults:2)
  3 stone giant skeletons (Vaults:2)
  19 elephants
  5 vault sentinels
  Maurice (D:13)
  An elf zombie (Vaults:4)
  5 torpor snails
  6 black mambas
  6 demonic crawlers
  2 centaur skeletons (D:15)
  2 naga magi (D:15)
  A rime drake (Lair:2)
  3 gargoyles
  8 cane toads
  A centaur zombie (D:15)
  7 komodo dragons
  2 efreet
  A tengu conjurer (D:13)
  A freezing wraith (Vaults:5)
  2 kobold demonologists (D:13)
  A polar bear (Lair:2)
  27 yaktaurs
  6 trolls
  A yaktaur skeleton (Vaults:2)
  3 meliai (Spider:4)
  8 tyrant leeches
  A wolf spider simulacrum (D:15)
  19 hornets
  16 tarantellas
  10 blink frogs
  23 jumping spiders
  A culicivora (shapeshifter) (D:13)
  2 air elementals
  3 wyverns
  18 culicivoras
  4 water elementals
  An ettin skeleton (Vaults:2)
  3 wraiths
  2 hogs (D:15)
  4 fire elementals
  20 yaks
  25 redbacks
  9 vampire mosquitoes
  A basilisk (Lair:5)
  2 yaktaur simulacra (Vaults:4)
  5 wargs
  A death yak simulacrum (Lair:5)
  8 swamp worms
  15 water moccasins
  2 acid dragons
  A floating eye (D:12)
  2 swamp drakes (Swamp:4)
  An elephant zombie (Lair:5)
  A black bear (Lair:3)
  11 orc warriors
  9 wolves
  11 centaurs
  7 ogres
  2 boggarts (D:14)
  5 kobold brigands
  2 earth elementals
  7 bullfrogs
  8 killer bees
  4 howler monkeys
  2 electric eels (Spider:2)
  3 orc priests
  A jelly (D:7)
  5 orc wizards
  A gnoll (D:7)
  19 orcs
  3 goblins (D:9)
  7 kobolds
  3 bats (Lair:1)
  2 bushes
  A plant (Lair:5)
953 creatures vanquished.

Vanquished Creatures (others)
  3 orc warlords (Vaults:5)
  A vault warden (Vaults:5)
  A deep elf high priest (Elf:3)
  2 orc high priests
  A deep elf knight (Elf:3)
  15 orc knights
  24 orc warriors
  2 bloated husks
  3 humans (D:15)
  A swamp worm (Swamp:1)
  11 orc priests
  6 orc wizards
  An adder (D:4)
  42 orcs
  A giant cockroach (D:4)
  15 demonic plants (Gauntlet)
  16 foxfires
  34 fungi
  66 plants
  34 withered plants
279 creatures vanquished.

Grand Total: 1820 creatures vanquished

Notes
Turn   | Place    | Note
-------+----------+-------------------------------------------
     0 | D:1      | BigDaddyOpFi the Hill Orc Monk began the quest for the Orb.
     0 | D:1      | Reached XP level 1. HP: 19/19 MP: 1/1
    11 | D:1      | Found Veoliky's Book Emporium.
    30 | D:1      | Identified 3 scrolls of acquirement
    30 | D:1      | Acquired 1120 gold pieces
    32 | D:1      | Acquired 1186 gold pieces
    34 | D:1      | Acquired the +3 pair of seven-league boots {Rampage+∞}
    34 | D:1      | Found the +3 pair of seven-league boots {Rampage+∞}
    84 | D:1      | Reached XP level 2. HP: 23/27 MP: 2/2
   616 | D:2      | Found a faded altar of an unknown god.
   657 | D:2      | Reached XP level 3. HP: 21/33 MP: 3/3
   902 | D:2      | Identified the +4 hand axe "Fumm" {freeze, *Rage Dex+4}
  1026 | D:2      | Reached XP level 4. HP: 40/40 MP: 4/4
  1195 | D:2      | Found Fuiquv's Assorted Antiques.
  1205 | D:2      | Bought the +2 cloak of the Thief {*Fog Slay-2 SInv Stlth+}
                  | for 442 gold pieces
  1205 | D:2      | Found the +2 cloak of the Thief {*Fog Slay-2 SInv Stlth+}
  1205 | D:2      | Bought a glowing plate armour for 572 gold pieces
  2533 | D:4      | Became a worshipper of Beogh the Brigand
  2533 | D:4      | Reached * piety under Beogh
  2533 | D:4      | Reached ** piety under Beogh
  2542 | D:4      | Reached skill level 5 in Axes
  2549 | D:4      | Reached XP level 5. HP: 47/47 MP: 5/5
  3214 | D:5      | Entered Level 5 of the Dungeon
  3257 | D:5      | Reached XP level 6. HP: 55/55 MP: 6/6
  3263 | D:5      | Reached skill level 5 in Fighting
  3263 | D:5      | Reached skill level 1 in Invocations
  3311 | D:5      | Noticed a black bear
  3321 | D:5      | Killed a black bear
  3322 | D:5      | Reached skill level 2 in Invocations
  3609 | D:5      | Found Zunkiod's Weapon Emporium.
  3728 | D:5      | Reached skill level 3 in Invocations
  3728 | D:5      | Reached XP level 7. HP: 61/61 MP: 7/9
  4426 | D:5      | Reached *** piety under Beogh
  4930 | D:6      | Reached skill level 4 in Invocations
  4972 | D:6      | Found a staircase to the Ecumenical Temple.
  5029 | D:6      | Reached XP level 8. HP: 67/70 MP: 11/11
  5224 | D:6      | Reached skill level 5 in Invocations
  5358 | D:6      | Gained Jorge as an ally
  5376 | D:6      | Your ally Jorge died
  6311 | D:7      | Reached skill level 6 in Invocations
  6906 | D:7      | Reached skill level 7 in Invocations
  6906 | D:7      | Reached XP level 9. HP: 78/78 MP: 14/14
  7741 | D:8      | Reached skill level 5 in Stealth
  7771 | D:8      | Reached **** piety under Beogh
  7772 | D:8      | Reached skill level 8 in Invocations
  8720 | D:8      | Reached skill level 5 in Dodging
  9186 | D:8      | Noticed a polar bear
  9190 | D:8      | Noticed a rime drake
  9206 | D:8      | Killed a polar bear
  9207 | D:8      | Reached skill level 9 in Invocations
  9212 | D:8      | Killed a rime drake
  9213 | D:8      | Reached XP level 10. HP: 88/88 MP: 15/17
  9215 | D:8      | Found a staircase to the Lair.
 10342 | D:9      | Reached skill level 10 in Invocations
 10344 | D:9      | Found a sacrificial altar of Ru.
 10345 | D:9      | Found a white marble altar of Elyvilon.
 10428 | D:9      | Found Fouth's Antique Weapon Shop.
 10436 | D:9      | Bought a warped war axe for 187 gold pieces
 10436 | D:9      | Identified the +11 war axe of Change {holy, rN+} (You
                  | bought it in a shop on level 9 of the Dungeon)
 10499 | D:9      | Found Humoutoe's Hydra Hut.
 10501 | D:9      | Noticed an eight-headed hydra
 10527 | D:9      | Found Plog's Assorted Antiques.
 10540 | D:9      | Bought a scroll of enchant armour for 217 gold pieces
 10563 | D:9      | Found a flagged portal.
 10569 | D:9      | Gained Grimold as an ally
 10573 | D:9      | Gained Bogward as an ally
 10800 | D:9      | Found Rosap's Jewellery Shoppe.
 10828 | Bailey   | Entered a bailey
 10861 | Bailey   | Found a large runed translucent door.
 10861 | Bailey   | Found a large runed translucent door.
 10863 | Bailey   | Noticed a deep elf zephyrmancer
 10865 | Bailey   | Found the +10 tower shield of Ignorance {rN+ Int-4}
 10871 | Bailey   | Noticed an orc knight
 10883 | Bailey   | Killed an orc knight
 11002 | Bailey   | Killed a deep elf zephyrmancer
 11009 | Bailey   | Identified the +9 scale mail "Zulutzomn" {rC+ Stlth+}
 11608 | D:9      | Found Tici Jal's Jewellery Shoppe.
 11611 | D:9      | Reached skill level 11 in Invocations
 11611 | D:9      | Noticed a two-headed ogre
 11616 | D:9      | Killed a two-headed ogre
 11727 | D:9      | Found Gokaos's Book Shop.
 11954 | D:10     | Entered Level 10 of the Dungeon
 11994 | D:10     | Reached XP level 11. HP: 95/95 MP: 19/19
 12141 | D:10     | Reached skill level 10 in Axes
 12142 | D:10     | Reached skill level 12 in Invocations
 12501 | D:10     | Found an ornate altar of the Wu Jian Council.
 12625 | D:11     | Noticed a cyclops
 12631 | D:11     | Killed a cyclops
 12656 | D:11     | Reached ***** piety under Beogh
 12757 | D:11     | Found a staircase to the Orcish Mines.
 12758 | D:11     | Noticed Fannar
 12763 | D:11     | Killed Fannar
 12996 | D:11     | Noticed Sonja
 13006 | D:11     | Killed Sonja
 13059 | D:11     | Found a portal to a secret trove of treasure.
 13168 | Lair:1   | Entered Level 1 of the Lair of Beasts
 13644 | Lair:1   | Reached skill level 13 in Invocations
 14026 | Lair:2   | Reached skill level 10 in Fighting
 14084 | Lair:2   | Noticed an eight-headed hydra
 14102 | Lair:2   | Reached XP level 12. HP: 106/106 MP: 20/22
 14318 | Lair:2   | Killed a nine-headed hydra
 14728 | Lair:2   | Noticed a five-headed hydra
 14734 | Lair:2   | Noticed a four-headed hydra
 14743 | Lair:2   | Found a staircase to the Swamp.
 14746 | Lair:2   | Killed a five-headed hydra
 14747 | Lair:2   | Reached skill level 14 in Invocations
 14747 | Lair:2   | Killed a four-headed hydra
 15263 | Lair:3   | Noticed a skyshark
 15271 | Lair:3   | Killed a skyshark
 15331 | Lair:3   | Found a runed translucent gate.
 15331 | Lair:3   | Found a runed translucent gate.
 15331 | Lair:3   | Found a runed translucent gate.
 15332 | Lair:3   | Noticed Jeuts's ghost (journeyman MiFi)
 15333 | Lair:3   | Noticed Valamore's ghost (journeyman NaHu)
 15379 | Lair:3   | Gained Nordag as an ally
 15414 | Lair:3   | Found a hole to the Spider Nest.
 15438 | Lair:3   | Noticed a skyshark
 15439 | Lair:3   | You fall into a shaft and drop 2 floors!
 15439 | Lair:5   | Entered Level 5 of the Lair of Beasts
 15439 | Lair:5   | Noticed a catoblepas
 15463 | Lair:5   | Reached skill level 15 in Invocations
 15489 | Lair:5   | Killed a catoblepas
 15551 | Lair:5   | Noticed a seven-headed hydra
 15555 | Lair:5   | Killed a seven-headed hydra
 15578 | Lair:5   | Reached XP level 13. HP: 99/116 MP: 24/24
 16191 | Lair:5   | Noticed a dire elephant
 16193 | Lair:5   | Reached ****** piety under Beogh
 16193 | Lair:5   | Noticed a dire elephant
 16441 | Lair:5   | Reached skill level 16 in Invocations
 16815 | Lair:5   | Killed a dire elephant
 16822 | Lair:5   | Killed a dire elephant
 17253 | Lair:5   | Found a viscous altar of Jiyva.
 17270 | Lair:5   | Found a staircase to the Slime Pits.
 17689 | Lair:4   | Gained Milork as an ally
 18038 | Lair:4   | Gained Gorm as an ally
 18042 | Lair:4   | Gained Syrus as an ally
 18358 | Lair:3   | Killed Valamore's ghost
 18359 | Lair:3   | Reached skill level 17 in Invocations
 18363 | Lair:3   | Killed Jeuts's ghost
 19310 | Temple   | Entered the Ecumenical Temple
 19468 | D:12     | Reached XP level 14. HP: 126/126 MP: 26/26
 20184 | D:13     | Found a gate leading to a gauntlet.
 20234 | Gauntlet | Entered a Gauntlet
 20234 | Gauntlet | Found a transporter.
 20250 | Gauntlet | Found a transporter.
 20267 | Gauntlet | Found a transporter.
 20274 | Gauntlet | Found a transporter.
 20297 | Gauntlet | Found a transporter.
 20311 | Gauntlet | Found a transporter.
 20323 | Gauntlet | Found a transporter.
 20335 | Gauntlet | Found a transporter.
 20347 | Gauntlet | Found a transporter.
 20359 | Gauntlet | Found a transporter.
 20409 | Gauntlet | Found a transporter.
 20409 | Gauntlet | Found a transporter.
 20411 | Gauntlet | Found a transporter.
 20442 | Gauntlet | Found a transporter.
 20446 | Gauntlet | Found a transporter.
 20560 | Gauntlet | Found a transporter.
 20648 | Gauntlet | Identified the +2 hat of a bailey {rF+ Will++ rCorr Int-4}
 20694 | Gauntlet | Reached skill level 18 in Invocations
 20706 | Gauntlet | Identified the +0 helmet of Zamoajin {Will+ rCorr SInv
                  | Stlth+}
 20964 | Gauntlet | Identified the +1 robe of the Apothecary {Str+2}
 20967 | Gauntlet | Got the Handbook of Helpful Shaping
 21198 | D:13     | Reached skill level 10 in Stealth
 21469 | D:13     | Noticed Maurice
 21473 | D:13     | Killed Maurice
 21875 | D:13     | Noticed Urug
 21886 | D:13     | Killed Urug
 21905 | D:13     | Reached XP level 15. HP: 22/136 MP: 5/28
 22661 | D:9      | Bought a slimy halberd for 198 gold pieces
 22661 | D:9      | Identified the +0 halberd of the Beginning {drain, rElec
                  | rF- rC++} (You bought it in a shop on level 9 of the
                  | Dungeon)
 23124 | D:14     | Reached skill level 19 in Invocations
 23185 | D:14     | Gained Spirok as an ally
 23437 | D:14     | Found a gate to the Vaults.
 24001 | D:15     | Entered Level 15 of the Dungeon
 24001 | D:15     | Noticed Josephine
 24005 | D:15     | Killed Josephine
 24386 | D:15     | Noticed Kirke
 24392 | D:15     | Killed Kirke
 24808 | D:15     | Reached skill level 15 in Axes
 24966 | D:15     | Reached skill level 10 in Dodging
 24973 | D:15     | Found a staircase to the Depths.
 25181 | D:15     | Noticed Roxanne
 25196 | D:15     | Killed Roxanne
 25291 | D:15     | Noticed Nessos
 25302 | D:15     | Killed Nessos
 25531 | Orc:1    | Entered Level 1 of the Orcish Mines
 25571 | Orc:2    | Entered Level 2 of the Orcish Mines
 25589 | Orc:2    | Gained Orik as an ally
 25595 | Orc:2    | Found Fiamidam's Distillery.
 25595 | Orc:2    | Found Wusyto's Weapon Boutique.
 25595 | Orc:2    | Gained Wargrak as an ally
 25595 | Orc:2    | Your ally Orik died
 25597 | Orc:2    | Found Luuh's Weapon Shop.
 25599 | Orc:2    | Found Linnuh's Distillery.
 25612 | Orc:2    | Your ally Nordag died
 25967 | Orc:2    | Found Vampialu's Antique Weapon Shop.
 25973 | Orc:2    | Bought an ivory spear for 192 gold pieces
 25973 | Orc:2    | Identified the +6 spear "Taomol" {heavy, *Noise rElec rPois
                  | Dex+3} (You bought it in a shop on level 2 of the Orcish
                  | Mines)
 26329 | Orc:2    | Found a staircase to the Elven Halls.
 26722 | Orc:1    | Noticed Nergalle
 26725 | Orc:1    | Reached skill level 20 in Invocations
 26730 | Orc:1    | Killed Nergalle
 27738 | Spider:1 | Entered Level 1 of the Spider Nest
 28640 | Spider:1 | Identified the +1 pair of boots of Ennui {rPois}
 29294 | Spider:2 | Identified the +6 morningstar of the Land of Plenty {heavy,
                  | rPois rF+++ Will+ Dex-5}
 29438 | Spider:2 | Noticed a ghost moth
 29443 | Spider:2 | Reached XP level 16. HP: 74/146 MP: 0/30
 29527 | Spider:2 | Reached skill level 1 in Maces & Flails
 30466 | Spider:3 | Your ally Bogward died
 30467 | Spider:3 | Your ally Syrus died
 30988 | Spider:3 | Reached skill level 21 in Invocations
 32784 | Spider:3 | Gained Orkwin as an ally
 33224 | Spider:4 | Entered Level 4 of the Spider Nest
 33281 | Spider:4 | Reached skill level 15 in Fighting
 34011 | Spider:4 | Lost intelligence.
 35430 | Spider:4 | Identified the +6 arbalest "Angeun" {penet, rC+++}
 35685 | Spider:4 | Reached skill level 5 in Maces & Flails
 35698 | Spider:4 | Identified the +2 hat "Abarysest" {rPois rC++ Regen+}
 35700 | Spider:4 | Identified the +1 hat of Lethargy {rF+}
 35708 | Spider:4 | Identified the +1 hat of Ydorar {Harm Will+}
 35817 | Spider:4 | Got a gossamer rune of Zot
 36445 | D:9      | Bought a +6 ring of intelligence for 504 gold pieces
 37418 | Vaults:1 | Entered Level 1 of the Vaults
 38127 | Swamp:1  | Entered Level 1 of the Swamp
 38397 | Swamp:1  | Reached XP level 17. HP: 65/156 MP: 11/31
 38406 | Swamp:1  | Found a frozen archway.
 39050 | Swamp:2  | Your ally Wargrak died
 40148 | Swamp:2  | Gained Bogmar as an ally
 40169 | Swamp:2  | Your ally Bogmar died
 42606 | Swamp:3  | Found a glowing golden altar of the Shining One.
 42630 | Swamp:3  | Got the Folio of Attendants and Infection
 42711 | Swamp:3  | Noticed Mara
 42715 | Swamp:3  | Noticed BigDaddyOpFi's illusion
 42718 | Swamp:3  | Noticed BigDaddyOpFi's illusion
 42721 | Swamp:3  | Killed Mara
 43528 | Swamp:4  | Entered Level 4 of the Swamp
 43884 | Swamp:4  | Your ally Bogward died
 43885 | Swamp:4  | Gained Hawl as an ally
 44279 | Swamp:4  | Reached skill level 22 in Invocations
 44293 | Swamp:4  | Gained Ugbert as an ally
 44296 | Swamp:4  | Paralysed by a hornet for 2 turns
 44701 | Swamp:4  | Got a decaying rune of Zot
 44806 | Swamp:4  | Paralysed by a hornet for 2 turns
 45875 | Elf:1    | Entered Level 1 of the Elven Halls
 46897 | Elf:1    | Gained Olfik as an ally
 47429 | Elf:1    | Reached XP level 18. HP: 165/168 MP: 30/33
 47576 | Elf:1    | Identified the +3 long sword of Parts Unknown {heavy, rN+
                  | rCorr Dex+2}
 47580 | Elf:1    | Noticed a Hell Sentinel
 47582 | Elf:1    | Found a runed translucent gate.
 47582 | Elf:1    | Found a runed translucent gate.
 47582 | Elf:1    | Found a runed translucent gate.
 47582 | Elf:1    | Found a runed translucent gate.
 47582 | Elf:1    | Found a runed translucent gate.
 47584 | Elf:1    | Found a runed translucent gate.
 48449 | Elf:2    | Found a runed translucent gate.
 48449 | Elf:2    | Found a runed translucent gate.
 48449 | Elf:2    | Found a runed translucent gate.
 48504 | Elf:2    | Found Pocovo's Weapon Shop.
 49355 | Elf:2    | Noticed a deep elf blademaster
 49362 | Elf:2    | Killed a deep elf blademaster
 49896 | Elf:3    | Entered Level 3 of the Elven Halls
 49987 | Elf:3    | Noticed a deep elf blademaster
 49987 | Elf:3    | Noticed a deep elf blademaster
 49990 | Elf:3    | Killed a deep elf blademaster
 49991 | Elf:3    | Noticed a deep elf master archer
 49993 | Elf:3    | Killed a deep elf blademaster
 49995 | Elf:3    | Killed a deep elf master archer
 50012 | Elf:3    | Noticed a deep elf master archer
 50017 | Elf:3    | Killed a deep elf master archer
 50030 | Elf:3    | Your ally Hawl died
 50322 | Elf:3    | Noticed a Hell Sentinel
 50362 | Elf:3    | Reached skill level 23 in Invocations
 50636 | Elf:3    | Identified the ring "Ruru Guappy" {rC+ Will++ Int+6}
 50716 | Elf:3    | Identified the +5 flail of Grontol {venom, Int+3}
 50716 | Elf:3    | Identified the ring of Cenutweg {Fly rC+ rCorr}
 51591 | Elf:3    | Found the brooch of Shielding {Spirit SH+8}
 51592 | Elf:3    | Identified the +3 chain mail of Conuixen {rElec Str+2 SInv}
 51594 | Elf:3    | Got Miladed's Thoughts on Confrontation
 51971 | Vaults:1 | Identified the +10 shortbow "Joummon" {antimagic, rN+}
 52224 | D:14     | Reached XP level 19. HP: 177/177 MP: 34/34
 52487 | Vaults:1 | Reached skill level 10 in Maces & Flails
 53695 | Vaults:2 | Noticed Margery
 53703 | Vaults:2 | Killed Margery
 55030 | Vaults:2 | Found a staircase to the Crypt.
 55201 | Vaults:2 | Your ally Orkwin died
 55212 | Vaults:2 | Your ally Olfik died
 57009 | Vaults:3 | Noticed Jory
 57013 | Vaults:3 | Killed Jory
 57241 | Vaults:3 | Found Xenor's Magic Scroll Shop.
 57330 | Vaults:3 | You fall into a shaft and drop 1 floor!
 58442 | Vaults:3 | Reached XP level 20. HP: 189/189 MP: 35/35
 61548 | Vaults:5 | Entered Level 5 of the Vaults
 61557 | Vaults:4 | Gained Morbeogh as an ally
 61557 | Vaults:4 | Gained Ogrik as an ally
 61820 | Vaults:4 | Reached skill level 15 in Stealth
 61931 | Vaults:5 | Noticed a golden dragon
 62134 | Vaults:4 | Killed a golden dragon
 62198 | Vaults:5 | Identified the ring "Emikkir" {rPois rN+ Will- Str+7 SInv}
 63304 | Vaults:4 | Upgraded the game from 0.30-a0-859-gf88a04b62d to
                  | 0.30-a0-860-g512cf1e979
 63620 | Vaults:5 | Gained mutation: You sometimes lose your temper in combat.
                  | [a cacodemon]
 63920 | Vaults:5 | Noticed a golden dragon
 63932 | Vaults:5 | Your ally Ogrik died
 63938 | Vaults:5 | Was placed under penance by Beogh
 63938 | Vaults:5 | Your ally Milork died
 63940 | Vaults:5 | HP: 2/191 [tengu reaver/+0 glaive (8)]
 63945 | Vaults:5 | Your ally Grimold died
 63952 | Vaults:5 | Your ally Ugbert died
 63962 | Vaults:5 | Noticed a dread lich
 63971 | Vaults:5 | Noticed a Brimstone Fiend
 63973 | Vaults:5 | Noticed a Brimstone Fiend
 63974 | Vaults:5 | Killed a dread lich
 63988 | Vaults:5 | Your ally Morbeogh died
 63991 | Vaults:5 | HP: 6/191 [Ugrim the orc warlord/+2 great mace of
                  | protection[the wrath of Beogh] (11)]
 63995 | Vaults:5 | Your ally Spirok died
 64554 | Vaults:5 | Identified the +3 ring mail "Syloerik" {Slay+3}
 64564 | Vaults:5 | Reached XP level 21. HP: 191/199 MP: 34/36
 64627 | Vaults:5 | Was forgiven by Beogh
 64657 | Vaults:5 | HP: 8/200 [iron dragon/spray of metal splinters (9)]
 64948 | Vaults:5 | Got a silver rune of Zot
 64952 | Vaults:5 | Identified the +3 great sword of the Stoat {speed, Fly
                  | Stlth+}
 65302 | Vaults:5 | Identified the ring "Virom" {Fly rPois rF+ Will+ Dex+3}
 65305 | Vaults:5 | Identified the amulet of the Peculiar Lies {Reflect Harm
                  | rF- Int+3 Dex+2 SH+5}
 65685 | Vaults:5 | Lost mutation: You sometimes lose your temper in combat.
                  | [potion of mutation]
 65685 | Vaults:5 | Gained mutation: You are robust. (+10% HP) [potion of
                  | mutation]
 65857 | Vaults:5 | Gained Arkwar as an ally
 65857 | Vaults:5 | Gained Margrim as an ally
 65893 | Vaults:5 | Your ally Arkwar died
 65898 | Vaults:5 | Your ally Margrim died
 66160 | Vaults:5 | Identified the +3 ring mail of Wu Jian, Hammering {Rampage
                  | rC+}
 66172 | Vaults:4 | Gained Agrik as an ally
 67767 | Vaults:5 | Noticed a juggernaut
 67771 | Vaults:5 | a juggernaut changed into a rockslime
 67772 | Vaults:5 | a rockslime changed into a juggernaut
 67772 | Vaults:5 | Noticed a juggernaut (glowing shapeshifter)
 67778 | Vaults:5 | Killed a juggernaut
 67948 | Vaults:5 | Slain by a titan

Illustrated notes

Levels and vault maps discovered:
D:1:      heliophobic_arrival_henge, layout_rooms, serial_shops, shop_statue
D:2:      layout_basic, serial_shops, nicolae_lakefront_shop,
          ebering_ecumenical_altar_ruins
D:3:      layout_basic
D:4:      layout_rooms, kennysheep_generic_room_4
D:5:      layout_loops_corners, serial_shops, nicolae_shop_behind_doors
D:6:      layout_layer_cave, minmay_temple_entry_arrows, chequers_avenue
D:7:      layout_rooms, serial_aquarium, aquarium_bridge_straight
          [aquarium_subvault_bridge, aquarium_subvault_wall,
          aquarium_subvault_bridge, aquarium_subvault_window],
          aquarium_window_corridor_1, aquarium_window_1, aquarium_window_fake,
          aquarium_window_1, aquarium_view_2c, aquarium_view_2b,
          aquarium_balcony_3b, aquarium_pool_2
D:8:      layout_loops_ring, hellmonk_lair_entry_icy
D:9:      layout_irregular_city, nicolae_overflow_squiral, enter_bailey_3,
          serial_shops, shop, shop, nicolae_shop_window_shopping,
          nicolae_shop_hallway_stairs, shop, doesnt_shop_hydraphobe
D:10:     layout_basic, mainiacjoe_overflow_alcove_2
D:11:     layout_rooms, david_orc_2, nicolae_trove_entry_diagonal, uniq_fannar,
          uniq_sonja
D:12:     layout_loops_ring, onia_ninara_cookie
D:13:     minmay_quarter_circles, layout_stronghold, gauntlet_entry_generic,
          uniq_maurice, uniq_urug
D:14:     layout_roguey, grunt_vaults_entry_fortified,
          chequers_serial_rivers_small_a
D:15:     grunt_enter_depths_magical_seal, layout_loops_cross, uniq_nessos,
          uniq_kirke, uniq_roxanne, uniq_josephine
Temple:   nicolae_temple_bog_church
Lair:1:   layout_hall_layers, roderic_batcave
Lair:2:   layout_roguey, palyth_hydra_swamp_entry, lemuel_fruit_tree,
          serial_bayou_shore_a
Lair:3:   layout_gridlike, spider_nest_entry_a, gammafunk_ghost_cemetery
Lair:4:   layout_big_grid
Lair:5:   due_jungle_book, layout_layer_cave, dpeg_slime_entry_corner,
          columned_hall_lemuel
Swamp:1:  layout_basic_swamp, portal_ice_cave_entry_dragon, serial_swamp_ruin,
          evilmike_swamp_ruin_house_5, evilmike_swamp_ruin_house_3,
          evilmike_swamp_ruin_house_2, swamp_pool1
Swamp:2:  layout_basic_swamp, evilmike_swamp_ruin_house_1, swamp_pool4,
          st_swamp_ruins_1
Swamp:3:  layout_basic_swamp, hangedman_swamp_ruin_wall, swamp_pool4,
          lemuel_altar_in_water, infiniplex_staircase_pool, uniq_mara
Swamp:4:  swamp_alternative, layout_basic_swamp, swamp_pool4
Spider:1: layout_cave_pods
Spider:2: layout_spider_delve, hive_lemuel
Spider:3: nicolae_spider_hilbert_zone_7 [nicolae_spider_hilbert_4_sides_1_open,
          nicolae_spider_hilbert_4_sides_1_open,
          nicolae_spider_hilbert_4_sides_1_open,
          nicolae_spider_hilbert_4_sides_1_open,
          nicolae_spider_hilbert_3_sides_1_open,
          nicolae_spider_hilbert_3_sides_1_open,
          nicolae_spider_hilbert_3_sides_1_open,
          nicolae_spider_hilbert_3_sides_1_open,
          nicolae_spider_hilbert_4_sides_1_open,
          nicolae_spider_hilbert_4_sides_1_open,
          nicolae_spider_hilbert_4_sides_1_open,
          nicolae_spider_hilbert_2_sides_1_open,
          nicolae_spider_hilbert_2_sides_1_open,
          nicolae_spider_hilbert_2_sides_1_open,
          nicolae_spider_hilbert_2_sides_1_open,
          nicolae_spider_hilbert_2_sides_1_open,
          nicolae_spider_hilbert_2_sides_1_open]
Spider:4: spider_rune_water
Orc:1:    layout_diamond_mine, mines3_lemuel, uniq_nergalle
Orc:2:    st_orc_rangers, layout_caves, serial_shops, shop
Elf:1:    minmay_elf_arrival_plus, layout_gridlike, orc_legates
Elf:2:    nicolae_elf_blades_splatter_lattice
          [nicolae_blade_entry_crossed_weapons], layout_gridlike, serial_sigils,
          serial_sigils_hangedman_gnaw, serial_sigils_hangedman_confine,
          serial_sigils_hangedman_carve, serial_sigils_hangedman_clutch,
          serial_shops, shop, small_statue_intersection, lemuel_statue_altar
Elf:3:    minmay_elf_hall_dome, layout_loops_cross
Vaults:1: nicolae_vaults_three_branches, nicolae_vaults_asterisk,
          vaults_room_fancy_cross, nicolae_vaults_little_squares_5,
          vaults_room_corners, vaults_dpeg_emergency_exit,
          layout_vaults_chaotic_city
Vaults:2: ontoclasm_vaults_bender, vaults_dpeg_diagonal,
          dpeg_vaults_monster_box, grunt_vaults_hallway_short,
          minmay_crypt_entry_skeletal_spiral, v_rooms_5, hangedman_vaults_slice,
          hangedman_vaults_stagger, v_misc_11,
          nicolae_vaults_windows_and_doors_thing, layout_vaults_big_cross,
          uniq_margery
Vaults:3: grunt_vaults_focal, nicolae_vaults_disjoint_gnomons,
          nicolae_vaults_disjoint_gnomons, v_misc_13, ontoclasm_vaults_spin,
          nicolae_vaults_twisting_passages, ontoclasm_vaults_ring_square,
          layout_vaults_omnibox, serial_shops, nicolae_shop_advertising_works
          [nicolae_subvault_shop_adworks], serial_glass, uniq_jory
Vaults:4: nicolae_vaults_little_squares_5, nicolae_vaults_network_star,
          nicolae_vaults_border_crossing, hangedman_vaults_stretched_pinwheel,
          nicolae_vaults_network_quinsquares
          [nicolae_vaults_network_quincunx_subvault,
          nicolae_vaults_network_quincunx_subvault,
          nicolae_vaults_network_quincunx_subvault,
          nicolae_vaults_network_quincunx_subvault],
          nicolae_vaults_mini_display_case, vaults_room_stairs_pillars,
          v_misc_1, vaults_room_door_ring, layout_vaults_quadrants
Vaults:5

Skill      XL: |  1  2  3  4  5  6  7  8  9 10 11 12 13 14 15 16 17 18 19 20 21 |
---------------+----------------------------------------------------------------+-----
Fighting       | 4 5 6 7 8 10 11 12 13 14 15 16 17 18 19 20 | 20.0
Stealth        | 2 3 4 5 6 7 8 9 10 11 12 13 14 15 | 15.7
Dodging        | 3 4 5 6 7 8 9 10 11 12 13 14 | 14.6
Axes           | 5 6 7 8 9 11 12 13 14 15 | 15.4
Invocations    | 3 4 7 9 11 13 15 17 18 20 21 22 23 | 23.9
Maces & Flails | 5 7 9 11 13 | 13.7

Action                     |  1- 3 |  4- 6 |  7- 9 | 10-12 | 13-15 | 16-18 | 19-21 || total
---------------------------+-------+-------+-------+-------+-------+-------+-------++-------
  Melee: Hand axe          |   103 |   134 |   219 |    27 |       |       |       ||   483
         Punch             |     2 |       |       |       |       |       |       ||     2
         War axe           |       |       |       |   230 |   672 |       |       ||   902
         Morningstar       |       |       |       |       |     5 |   606 |   636 ||  1247
 Invoke: Convert to Beogh  |       |     1 |       |       |       |       |       ||     1
         Recall Orcish Fol |       |       |     1 |     9 |    11 |    18 |    17 ||    56
         Stop Recall       |       |       |       |     5 |     4 |    12 |     8 ||    29
         Give Item to Name |       |       |       |       |     3 |     4 |     1 ||     8
         Resurrection      |       |       |       |       |     1 |     2 |       ||     3
         Smiting           |       |       |       |       |       |     1 |     5 ||     6
  Evoke: Wand              |       |       |       |    18 |       |     2 |       ||    20
    Use: Scroll            |     4 |     4 |     7 |    18 |     7 |    13 |    13 ||    66
         Potion            |     2 |       |     2 |     2 |     5 |     5 |    24 ||    40
   Stab: Sleeping          |     2 |       |       |     5 |     6 |     2 |     3 ||    18
         Distracted        |       |       |     1 |     4 |     9 |     8 |    11 ||    33
 Armour: Robe              |    29 |       |       |       |       |       |       ||    29
         Plate armour      |       |    86 |   203 |    35 |   505 |   821 |   612 ||  2262
         Scale mail        |       |       |       |   178 |    36 |       |       ||   214
  Dodge: Dodged            |    82 |    31 |    80 |    79 |   153 |   165 |   141 ||   731
  Block: Buckler           |    11 |    19 |    33 |    13 |       |       |       ||    76
         Tower shield      |       |       |       |   277 |   861 |   958 |  1300 ||  3396

Table legend: (Time is in decaauts)
 A = Elapsed time spent in this place.
 B = Non-inter-level travel time spent in this place.
 C = Inter-level travel time spent in this place.
 D = Time resting spent in this place.
 E = Time spent auto-exploring this place.
 F = Levels seen in this place.
 G = Mean time per level.
                   A        B        C        D        E       F      G
               +--------+--------+--------+--------+--------+-----+--------+
         Total |  70545 |  66883 |   3662 |  34610 |  19778 |  41 | 1720.6 |
       Dungeon |  20628 |  18704 |   1924 |   8176 |   7843 |  15 | 1375.2 |
        Temple |      1 |      0 |      1 |      0 |      0 |   1 |    1.0 |
          Lair |   6806 |   5996 |    810 |   1680 |   2866 |   5 | 1361.2 |
         Swamp |   7671 |   7522 |    149 |   4962 |   1567 |   4 | 1917.8 |
   Spider Nest |   9790 |   9570 |    220 |   5973 |   2290 |   4 | 2447.5 |
  Orcish Mines |   1747 |   1605 |    142 |    567 |    753 |   2 |  873.5 |
   Elven Halls |   6098 |   5962 |    136 |   3099 |   1357 |   3 | 2032.7 |
        Vaults |  16300 |  16023 |    277 |   9421 |   2999 |   5 | 3260.0 |
        Bailey |    755 |    755 |      0 |    513 |    103 |   1 |  755.0 |
      Gauntlet |    745 |    745 |      0 |    217 |      0 |   1 |  745.0 |
               +--------+--------+--------+--------+--------+-----+--------+

Top non-repeatable levels by time:
Vaults:4: 6353 daAuts
Spider:4: 4015 daAuts
Vaults:2: 3534 daAuts
Vaults:5: 3266 daAuts
     D:8: 2950 daAuts
Spider:3: 2896 daAuts
 Swamp:2: 2848 daAuts
   Elf:1: 2677 daAuts
  Lair:5: 2280 daAuts
 Swamp:4: 2116 daAuts
    D:14: 1930 daAuts
   Elf:3: 1904 daAuts
    D:13: 1827 daAuts
     D:5: 1781 daAuts
 Swamp:3: 1739 daAuts
